 Dungeon Crawl Stone Soup version 0.27.1-33-g824d729ab1 (webtiles) character file.

Game seed: 11193032948668969585

17563 corgi the Fighter (level 12, -6/96 HPs)
             Began as a Gargoyle Fighter on Dec 8, 2021.
             Was an Elder of Makhleb.
             Killed from afar by a rakshasa (16 damage)
             ... with a lance of force
             ... on level 2 of the Abyss.
             The game lasted 01:14:53 (13589 turns).

corgi the Fighter (Gargoyle Fighter)               Turns: 13589, Time: 01:14:55

Health: -6/96      AC: 26    Str: 16 (17) XL:     12   Next: 49%
Magic:  12/12      EV:  2    Int:  5      God:    Makhleb [****..]
Gold:   1007       SH: 11    Dex:  9      Spells: 10/11 levels left

rFire    . . .     SeeInvis +   B - +2 mace (flame)
rCold    + . .     Faith    .   c - +0 kite shield
rNeg     + + +     Spirit   .   (armour currently unavailable)
rPois    ∞         Reflect  .   (helmet currently unavailable)
rElec    .         Harm     .   (cloak currently unavailable)
rCorr    .         Rampage  .   (gloves currently unavailable)
Will     .....     Rnd*Rage +   (boots currently unavailable) Stlth +.........NoTele +
                                (no amulet)
HPRegen  0.26/turn              w - ring of see invisible
MPRegen  0.13/turn              A - ring of protection from cold

@: tree-form, unable to read, on berserk cooldown, slowed, studying Fighting,
very slow
A: stationary, stasis, torment immunity, boosted hp, sickness immunity, AC +8,
negative energy resistance 1, (electricity resistance), torment resistance 1,
petrification resistance, [berserk 3], [clumsy 2], ([deformed body]),
[deterioration 2], [dopey 2], [frail 2], [low mp 3], [screaming 2],
([teleportitis 3]), [weak 2], [no potion heal 2], [subdued magic 3], [inability
to read while threatened]
a: Renounce Religion, Minor Destruction, Lesser Servant of Makhleb, Major
Destruction


You were on level 2 of the Abyss.
You worshipped Makhleb.
Makhleb was greatly pleased with you.
You were a tree.
You visited 3 branches of the dungeon, and saw 13 of its levels.
You visited the Abyss 1 time.
You also visited: Bailey and Volcano.

You collected 1007 gold pieces.

Inventory:

Hand Weapons
 i - a +3 whip
 l - a +2 whip of venom
 n - a +2 whip of electrocution
 q - a +0 executioner's axe of freezing
 x - a +0 morningstar
 y - a +1 hunting sling of flaming
 B - a +2 mace of flaming (weapon)
 D - a +0 whip of draining
Missiles
 o - 9 boomerangs (quivered)
 G - 3 javelins
 H - 2 boomerangs of dispersal
Armour
 b - a +0 plate armour
 c - a +0 kite shield (worn)
 g - a +0 pair of gloves (melded)
 k - a +0 pair of boots (melded)
 m - a +2 helmet
 u - a +0 chain mail
 v - the +2 helmet "Moruceyl" (melded) {+Blink rF+ Regen+ Str-5}
   (You found it on level 9 of the Dungeon)

   Str:       It affects your strength (-5).
   rF:        It protects you from fire.
   +Blink:    It lets you blink.
   Regen:     It increases your rate of health regeneration.
 z - +0 swamp dragon scales
 E - a +2 robe of fire resistance
 F - a +1 chain mail of fire resistance (melded)
Jewellery
 h - a ring of positive energy
 w - a ring of see invisible (left branch)
 A - a ring of protection from cold (right branch)
Scrolls
 d - a scroll of holy word
 e - 5 scrolls of identify
 j - 2 scrolls of fog
 p - 4 scrolls of enchant armour
 t - 3 scrolls of fear
Potions
 r - a potion of curing
Miscellaneous
 a - a lightning rod (2/4)


   Skills:
 + Level 11.2 Fighting
 * Level 4.3(6.4) Axes
 - Level 8.2(8.8) Maces & Flails
 + Level 10.0 Armour
 + Level 6.7 Dodging
 - Level 9.2 Shields
 + Level 7.7 Invocations


You had 10 spell levels left.
You knew the following spells:

 Your Spells              Type           Power      Damage    Failure   Level
a - Apportation           Tloc           0%         N/A       61%         1

Your spell library contained the following spells:

 Spells                   Type           Power      Damage    Failure   Level
 Animate Skeleton         Necr           0%         N/A       61%         1
 Corona                   Hex            0%         N/A       61%         1
 Sandblast                Erth           0%         2d4       61%         1
 Summon Small Mammal      Summ           0%         N/A       61%         1
 Passwall                 Tmut/Erth      0%         N/A       77%         2
 Call Canine Familiar     Summ           0%         N/A       94%         3
 Summon Guardian Golem    Hex/Summ       0%         N/A       94%         3
 Lee's Rapid Deconstruct  Erth           0%         3d5*      100%        5


Dungeon Overview and Level Annotations

Branches:
Dungeon (9/15)             Temple (1/1) D:7            Lair (3/6) D:8
 Bailey (visited)         Volcano (visited)
  Swamp: Lair:2-4    Shoals: Lair:2-4     Snake: Lair:2-4    Spider: Lair:2-4
    Orc: D:9-12

Altars:
Ashenzari
Cheibriados
Dithmenos
Elyvilon
Fedhas
Gozag
Hepliaklqana
Kikubaaqudgha
Makhleb
Nemelex Xobeh
Okawaru
Qazlal
Ru
Sif Muna
Trog
Uskayaw
Vehumet
Wu Jian
Xom
Yredelemnul
Zin
The Shining One

Annotations:
D:6 2 runed translucent doors, Powertoast's ghost, novice NaWr


Innate Abilities, Weirdness & Mutations

You are a tree.
Your roots penetrate the ground, keeping you stationary.
You cannot be teleported.
You are immune to unholy pain and torment.
Your maximum health is greatly increased.
Your equipment is partially melded.
You are immune to sickness and miasma.
((Your stone body is resilient. (AC +8)))
You are immune to poison.
You resist negative energy. (rN+)
((You are resistant to electric shocks. (rElec)))
You are resistant to unholy torment.
You are immune to petrification.
[You have an uncontrollable temper.]
[You are very clumsy. (Dex -4)]
[((Armour fits poorly on your strangely shaped body.))]
[Your body often deteriorates upon taking damage.]
[You are very dopey. (Int -4)]
[You are very frail. (-20% HP)]
[Your magical capacity is extremely low. (-30% MP)]
[You frequently scream uncontrollably at your foes.]
[((You are often teleported next to monsters.))]
[You are very weak. (Str -4)]
[Potions cannot restore your health.]
[Your spells are much easier to cast, but much less powerful.]
[You sometimes lose the ability to read scrolls when taking damage.]


Message History

You sock the raiju! You burn the raiju.
The raiju is severely wounded.
The raiju bites you but does no damage.
You sock the raiju! You burn the raiju.
You kill the raiju!
Makhleb accepts your kill.
You feel better.
Your lightning rod (2/4) has regained one charge.
Your Armour skill increases to level 10!
You cannot move.
You bludgeon the wretched star!! You burn the wretched star.
The wretched star is moderately damaged.
The rakshasa weaves an illusion.
You sock the wretched star!
The wretched star is heavily damaged.
You sock the wretched star!
The wretched star is severely damaged.
You barely miss the wretched star.
The wretched star is severely damaged.
You barely miss the wretched star.
The wretched star is severely damaged.
The wretched star glows turbulently.
The lance of force hits you!
* * * LOW HITPOINT WARNING * * *
The rakshasa weaves an illusion.
You sock the wretched star! You burn the wretched star.
The wretched star is almost destroyed.
You hit the wretched star. You burn the wretched star.
You destroy the wretched star!
Makhleb accepts your kill.
You feel better.
You feel your dexterity returning.
You thump the rakshasa! You burn the rakshasa.
The rakshasa is moderately wounded.
You are no longer berserk.
You are exhausted.
You feel yourself slow down. The rakshasa gestures at you.
The lance of force hits you!
You die...

### #.#..
#. .#. .
# ## ..##
.#. # #
.## ##.
..#. ###.
#
###.#.###
## ## ##
# #..## #
. ##.##*.
#####..
.# #♣##
.#. # #
##R.####
# ####


You could see a rakshasa.

Vanquished Creatures
  A tentacled starspawn (Abyss:2)
  A hydra (Lair:1)
  2 wretched stars (Abyss:2)
  A swamp dragon (Lair:2)
  2 wizards (Volcano)
  2 toenail golems (Volcano)
  A torpor snail (Lair:2)
  2 cane toads (Lair:2)
  2 komodo dragons
  Psyche (D:8)
  An ancient zyme (Abyss:2)
  Grinder (D:6)
  Prince Ribbit (D:9)
  4 raiju (Abyss:2)
  A dream sheep (Lair:2)
  Sigmund (D:2)
  A wraith (D:7)
  Eustachio (D:5)
  2 basilisks (Lair:1)
  The ghost of BiteMe the Grave Robber, an amateur DDNe (D:4)
  2 steam dragons
  2 small abominations (Abyss:2)
  8 water moccasins
  A large abomination (Abyss:2)
  10 orc warriors
  A sky beast (D:7)
  An ogre (D:6)
  6 wolves (D:8)
  10 centaurs
  2 kobold brigands
  2 bullfrogs
  3 scorpions
  7 killer bees
  7 wights
  2 howler monkeys
  3 centaur zombies
  A bullfrog zombie (D:6)
  5 hounds
  4 orc priests
  A bullfrog skeleton (D:6)
  4 iguanas (Lair:2)
  11 orc wizards
  A killer bee zombie (D:4)
  A hound skeleton (D:4)
  7 gnolls
  8 adders
  6 river rats (D:5)
  2 white imps
  3 ufetubi
  An adder skeleton (D:5)
  A worm (D:2)
  3 dart slugs
  37 orcs
  10 ball pythons
  7 endoplasms
  7 giant cockroaches
  11 goblins
  7 hobgoblins
  12 quokkas
  7 bats
  6 frilled lizards
  16 kobolds
  16 rats
291 creatures vanquished.

Vanquished Creatures (collateral kills)
  A hydra (Lair:1)
  A dancing weapon (Volcano)
  An oklob plant (Lair:2)
  A komodo dragon (Lair:2)
  A raiju (Abyss:2)
  2 dream sheep (Lair:2)
  A water moccasin (Lair:2)
  2 orc warriors (Bailey)
  3 centaurs (Bailey)
  A bullfrog (Lair:2)
  7 orcs (Bailey)
21 creatures vanquished.

Vanquished Creatures (others)
  A komodo dragon (Lair:2)
  3 fungi
  13 plants
  6 starspawn tentacles (Abyss:2)
23 creatures vanquished.

Grand Total: 335 creatures vanquished

Notes
Turn   | Place    | Note
-------+----------+-------------------------------------------
     0 | D:1      | corgi the Gargoyle Fighter began the quest for the Orb.
     0 | D:1      | Reached XP level 1. HP: 14/14 MP: 1/1
    72 | D:1      | Reached XP level 2. HP: 16/19 MP: 2/2
   651 | D:1      | Reached XP level 3. HP: 23/23 MP: 3/3
  1145 | D:2      | Reached XP level 4. HP: 13/29 MP: 4/4
  1587 | D:2      | Noticed Sigmund
  1605 | D:2      | Killed Sigmund
  1606 | D:2      | Reached skill level 4 in Fighting
  1606 | D:2      | Reached XP level 5. HP: 34/34 MP: 5/5
  1606 | D:2      | Reached XP level 6. HP: 39/39 MP: 6/6
  1861 | D:2      | Learned a level 1 spell: Apportation
  1928 | D:3      | Found an opulent altar of Gozag.
  2105 | D:3      | Found a burning altar of Makhleb.
  2105 | D:3      | Found an ornate altar of the Wu Jian Council.
  2125 | D:3      | Became a worshipper of Makhleb the Destroyer
  2332 | D:3      | Found a stormy altar of Qazlal.
  3012 | D:4      | Reached * piety under Makhleb
  3274 | D:4      | Reached skill level 1 in Dodging
  3319 | D:4      | Reached skill level 5 in Fighting
  3319 | D:4      | Reached XP level 7. HP: 43/44 MP: 7/7
  3322 | D:4      | Reached skill level 5 in Armour
  3322 | D:4      | Reached skill level 5 in Shields
  3602 | D:4      | Found a runed translucent door.
  3603 | D:4      | Noticed BiteMe's ghost (amateur DDNe)
  3653 | D:4      | Killed BiteMe's ghost
  3747 | D:5      | Entered Level 5 of the Dungeon
  3797 | D:5      | Noticed Eustachio
  3821 | D:5      | Killed Eustachio
  3822 | D:5      | Reached XP level 8. HP: 48/51 MP: 8/8
  4080 | D:5      | Reached ** piety under Makhleb
  4092 | D:5      | Reached skill level 6 in Fighting
  4092 | D:5      | Reached skill level 5 in Maces & Flails
  4335 | D:5      | You fall into a shaft and drop 2 floors!
  5170 | D:6      | Reached skill level 1 in Invocations
  5343 | D:6      | Found a runed translucent door.
  5343 | D:6      | Noticed Powertoast's ghost (novice NaWr)
  5397 | D:6      | Noticed Grinder
  5405 | D:6      | Paralysed by Grinder for 4 turns
  5425 | D:6      | Killed Grinder
  5426 | D:6      | Reached XP level 9. HP: 56/56 MP: 8/10
  5827 | D:6      | Found a runed translucent door.
  5932 | D:7      | Found a staircase to the Ecumenical Temple.
  6122 | D:7      | Reached *** piety under Makhleb
  6194 | D:7      | Reached skill level 7 in Fighting
  7346 | Temple   | Entered the Ecumenical Temple
  7750 | D:8      | Found a staircase to the Lair.
  7808 | D:8      | Noticed Psyche
  7835 | D:8      | Killed Psyche
  7836 | D:8      | Reached XP level 10. HP: 63/63 MP: 11/13
  7864 | D:8      | Found a blossoming altar of Fedhas.
  8443 | D:8      | Reached **** piety under Makhleb
  8579 | Lair:1   | Entered Level 1 of the Lair of Beasts
  8816 | Lair:1   | Noticed a six-headed hydra
  8991 | D:9      | Noticed Prince Ribbit
  9111 | D:9      | Found a white marble altar of Elyvilon.
  9215 | D:9      | Killed Prince Ribbit
  9216 | D:9      | Reached skill level 8 in Fighting
  9231 | D:9      | Found a flagged portal.
  9354 | Bailey   | Entered a bailey
  9620 | Bailey   | Reached skill level 5 in Invocations
 10301 | Bailey   | Reached skill level 5 in Dodging
 11537 | D:9      | Reached XP level 11. HP: 69/69 MP: 15/15
 12088 | D:9      | Identified the +2 helmet "Moruceyl" {+Blink rF+ Regen+
                  | Str-5}
 12190 | Lair:1   | Killed a six-headed hydra
 12234 | Lair:1   | Noticed a four-headed hydra
 12244 | Lair:1   | Killed a four-headed hydra
 12245 | Lair:1   | Reached skill level 9 in Fighting
 12592 | Lair:1   | Noticed a six-headed hydra
 12600 | Lair:2   | Noticed an oklob plant
 12600 | Lair:2   | Found an ornate altar of the Wu Jian Council.
 12612 | Lair:2   | Killed an oklob plant
 12873 | Lair:2   | Noticed a swamp dragon
 12894 | Lair:2   | Killed a swamp dragon
 12915 | Lair:2   | Reached skill level 10 in Fighting
 12964 | Lair:2   | Found a dark tunnel.
 12973 | Volcano  | Entered a volcano
 12986 | Volcano  | Noticed a wizard
 13008 | Volcano  | Killed a wizard
 13016 | Volcano  | Noticed a wizard
 13019 | Volcano  | Killed a wizard
 13020 | Volcano  | Reached skill level 1 in Axes
 13082 | Volcano  | Reached XP level 12. HP: 78/78 MP: 17/17
 13220 | Volcano  | Cast into level 2 of the Abyss (a wizard)
 13262 | Abyss:2  | Noticed a tentacled starspawn
 13317 | Abyss:2  | Killed a tentacled starspawn
 13448 | Abyss:2  | Noticed a wretched star
 13476 | Abyss:2  | Reached skill level 11 in Fighting
 13506 | Abyss:2  | Killed a wretched star
 13553 | Abyss:2  | Noticed a wretched star
 13553 | Abyss:2  | Noticed a rakshasa
 13575 | Abyss:2  | HP: 7/180 [raiju/living lightning (12)]
 13582 | Abyss:2  | Reached skill level 10 in Armour
 13588 | Abyss:2  | Killed a wretched star
 13589 | Abyss:2  | Killed from afar by a rakshasa

Illustrated notes

Levels and vault maps discovered:
D:1:      elethiomel_arrival_infinity_welcomes_careful_drivers,
          layout_loops_cross, st_stairs_2, nrook_mini_vaults
D:2:      layout_basic, minmay_circle_x, uniq_sigmund
D:3:      layout_basic, nicolae_qazlal_eye_of_the_storm,
          mainiacjoe_overflow_concentric_impassable, jmf_multi_god_temple
D:4:      layout_cave_pools, gammafunk_ghost_grave
D:5:      lemuel_ratsnest, layout_loops_ring, uniq_eustachio
D:6:      layout_loops_ring, ebering_ghost_sewer_f, minmay_starry_boxes,
          uniq_grinder
D:7:      layout_loops_corners, minmay_temple_entry_glassed_door
D:8:      layout_basic, mainiacjoe_overflow_small_starburst, dpeg_oklobed_lair,
          uniq_psyche
D:9:      layout_gridville, amcnicky_altar_gilded, enter_bailey_4,
          uniq_prince_ribbit1
Temple:   kb_temple_of_zot
Lair:1:   layout_small_grid, chequers_serial_rivers_micro_a,
          serial_bayou_lagoon_a, serial_bayou_shore_a
Lair:2:   beast_lair_carwin_large_1, layout_hall_layers,
          minmay_swamp_entry_reptiles, spider_nest_entry_funnel_web,
          enter_volcano_2, lemuel_oklob_altar, lemuel_fruit_tree,
          serial_bayou_shore_b
Lair:3:   layout_cave_pods, uniq_fannar
Abyss:2:  base:
IceCv
Volcano:  volcano_bunker

Skill      XL: |  1  2  3  4  5  6  7  8  9 10 11 12 |
---------------+-------------------------------------+-----
Fighting       | 4 5 6 7 8 10 11 | 11.2
Maces & Flails | 3 4 5 6 7 8 |  8.2
Armour         | 4 5 6 7 8 9 10 | 10.0
Shields        | 4 5 6 7 8 9 |  9.2
Dodging        | 1 2 3 4 5 6 |  6.7
Invocations    | 2 4 5 7 |  7.7
Axes           | 2 4 |  4.3

Action                   |  1- 3 |  4- 6 |  7- 9 | 10-12 || total
-------------------------+-------+-------+-------+-------++-------
Melee: Flail             |   108 |     7 |       |       ||   115
       Whip              |       |   141 |   499 |   544 ||  1184
       Morningstar       |       |       |       |    35 ||    35
       Executioner's axe |       |       |       |    14 ||    14
       Mace              |       |       |       |   112 ||   112
Throw: Boomerang         |       |     4 |       |    58 ||    62
Invok: Minor Destruction |       |       |       |    39 ||    39
       Lesser Servant of |       |       |       |    11 ||    11
       Major Destruction |       |       |       |     2 ||     2
Evoke: Lightning rod     |       |       |       |     5 ||     5
  Use: Potion            |     1 |     3 |     3 |     7 ||    14
       Scroll            |       |     5 |     3 |     8 ||    16
 Stab: Invisible         |       |     1 |     1 |       ||     2
       Distracted        |       |       |       |     2 ||     2
Armor: Scale mail        |    77 |    63 |   122 |       ||   262
       Chain mail        |       |       |   123 |   490 ||   613
       Skin              |       |       |       |     6 ||     6
Dodge: Dodged            |    42 |    33 |   133 |   278 ||   486
Block: Kite shield       |    58 |    69 |   256 |   436 ||   819
